 Dungeon Crawl Stone Soup version 0.17-a0-1970-g7a13dd1 (webtiles) character file.

988 SlimeFever the Slasher (level 7, 0/60 (61) HPs)
             Began as a Green Draconian Berserker on Oct 4, 2015.
             Was an Elder of Trog.
             Slain by an orc
             ... wielding a +0 dagger
              (2 damage)
             ... on level 5 of the Dungeon.
             The game lasted 00:35:04 (4664 turns).

SlimeFever the Slasher (Green Draconian Berserker)  Turns: 4664, Time: 00:35:04

HP:   0/60 (61)     AC:  7    Str: 19    XL:     7   Next: 97%
MP:   7/7           EV: 14    Int:  7    God:    Trog [****..]
Gold: 128           SH:  5    Dex: 13    Spells: 0 memorised, 6 levels left

rFire  . . .     SeeInvis .     a - +2 falchion
rCold  . . .     Clarity  .     (armour unavailable)
rNeg   . . .     SustAt   +     h - +1 buckler
rPois  +         Gourm    .     (helmet restricted)
rElec  .         Spirit   .     (no cloak)
rCorr  .         Warding  .     j - +0 pair of gloves
rMut   .         Stasis   .     (no boots)
MR     .....                    (no amulet)
Stlth  ++........               p - ring of sustain attributes
                                (no ring)

@: short of breath, non-regenerating, diseased, hasted, very quick, not
resistant to hostile enchantments, unstealthy
A: breathe noxious fumes, unfitting armour, poison resistance, cold-blooded, AC
+6
a: Breathe Noxious Fumes, Burn Spellbooks, Berserk, Trog's Hand, Brothers in
Arms, Renounce Religion


You were on level 5 of the Dungeon.
You worshipped Trog.
Trog was greatly pleased with you.
You were hungry.

You visited 1 branch of the dungeon, and saw 5 of its levels.
You also visited: Sewer.

You collected 225 gold pieces.
You spent 97 gold pieces at shops.

Inventory:

Hand weapons
 a - a +2 falchion (weapon)
Missiles
 r - 31 sling bullets
 v - 2 tomahawks
 y - a throwing net (quivered)
Armour
 h - a +1 buckler (worn)
 j - a +0 pair of gloves (worn)
Jewellery
 e - an uncursed ring of ice
 p - a ring of sustain attributes (right hand)
 s - an uncursed ring of wizardry
Magical devices
 t - a wand of enslavement (18)
 A - a wand of cold (8)
Scrolls
 d - 2 scrolls of remove curse
 o - a scroll of identify
 x - a scroll of teleportation
Potions
 c - a potion of flight {unknown}
 f - 3 potions of heal wounds
 g - a potion of magic {unknown}
 i - 2 potions of curing {unknown}
 k - a potion of might {unknown}
 l - a potion of lignification {unknown}
 m - a potion of agility {unknown}
 n - 2 potions of poison {unknown}
 q - 4 potions of brilliance {unknown}
 u - a potion of berserk rage {unknown}
 w - a potion of resistance {unknown}
 z - a potion of haste
Comestibles
 b - 5 bread rations


   Skills:
 + Level 5.4 Fighting
 * Level 6.0 Long Blades
 + Level 0.1 Throwing
 + Level 5.8 Dodging
 + Level 2.2 Stealth
 + Level 1.0 Shields


You had 6 spell levels left.
You didn't know any spells.

Dungeon Overview and Level Annotations

Branches:
Dungeon (5/15)
 Temple: D:4-7

Altars:
Xom

Shops:
D:4 ?


Innate Abilities, Weirdness & Mutations

You can breathe blasts of noxious fumes.
Your lurid green scales are hard (AC +6).
Your body does not fit into most forms of armour.
Your system is resistant to poisons.
You are cold-blooded and may be slowed by cold attacks.


Message History

You kill the orc wizard!
Trog accepts your kill.
Trog appreciates your killing of a magic user.
Your Long Blades skill increases to level 6!
The orc misses you.
Press: ? - help, v - describe, . - travel, g - get item
Here: a necrophage (lightly damaged)
A dagger.
There is something else lying underneath.
The floor.
You barely miss the necrophage.
The necrophage is lightly damaged.
The necrophage hits you.
* * * LOW HITPOINT WARNING * * *
You feel ill.
Your flesh rots away!
Your flesh rots away!
The orc hits you but does no damage.
It was a potion of haste.
You feel yourself speed up. The necrophage hits you.
* * * LOW HITPOINT WARNING * * *
The orc hits you with a dagger.
You die...

.# . . .. .# ##.
... .. #.. .... .#
##### #.###..... .#
...#####.#oo)....
.## ####......)@n#
..####......###[###
.......####.# #(#
#....### #.# #(#
.....# #.###.##
###### #.##...## #
#.......# ##......#
##.<...#


You could see a necrophage and 2 orcs.

Vanquished Creatures
  A sky beast (D:5)
  A centaur (D:5)
  An ogre (D:4)
  3 big kobolds (Sewer)
  A jelly (D:5)
  A hound (D:4)
  3 orc priests
  2 orc wizards
  An iguana (D:4)
  3 worker ants
  7 adders
  3 river rats
  3 gnolls (D:3)
  A shadow imp (D:5)
  An ooze (D:1)
  An adder zombie (D:5)
  2 worms (D:2)
  6 giant geckos
  17 orcs
  A ball python (D:3)
  2 giant cockroaches (D:5)
  7 hobgoblins
  5 jackals
  7 kobolds
  4 quokkas
  7 bats
  2 giant newts
  9 goblins
  19 rats
121 creatures vanquished.

Vanquished Creatures (others)
  5 sheep (D:5)
5 creatures vanquished.

Grand Total: 126 creatures vanquished

Notes
Turn   | Place    | Note
--------------------------------------------------------------
     0 | D:1      | SlimeFever the Draconian Berserker began the quest for the Orb.
     0 | D:1      | Reached XP level 1. HP: 19/19 MP: 1/1
   250 | D:1      | Reached XP level 2. HP: 23/26 MP: 2/2
   488 | D:1      | Acquired Trog's second power
   814 | D:1      | Reached XP level 3. HP: 31/33 MP: 3/3
  1245 | D:2      | Reached XP level 4. HP: 38/40 MP: 4/4
  1776 | D:3      | Reached skill level 4 in Long Blades
  2047 | D:3      | Reached XP level 5. HP: 31/46 MP: 5/5
  2055 | D:3      | HP: 1/46 [something/puff of flame (7)]
  2709 | D:4      | Reached skill level 1 in Stealth
  2789 | D:4      | Noticed an ogre
  2810 | D:4      | Killed an ogre
  2810 | D:4      | Reached XP level 6. HP: 4/53 MP: 6/6
  3448 | D:4      | Found Nosaxt's Magic Scroll Shop.
  3499 | D:4      | Bought a scroll of enchant armour for 97 gold pieces
  3686 | D:5      | Entered Level 5 of the Dungeon
  3694 | D:5      | Reached skill level 5 in Dodging
  3768 | D:5      | Reached skill level 5 in Long Blades
  3873 | D:5      | Found a glowing drain.
  3877 | Sewer    | Entered a sewer
  4086 | Sewer    | Acquired Trog's third power
  4086 | Sewer    | Your scales start taking on a lurid green colour.
  4086 | Sewer    | Gained mutation: Your system is resistant to poisons. [Green Draconian growth]
  4086 | Sewer    | Reached XP level 7. HP: 36/60 MP: 7/7
  4124 | Sewer    | Reached skill level 1 in Shields
  4372 | D:5      | Found a shimmering altar of Xom.
  4402 | D:5      | Reached skill level 5 in Fighting
  4662 | D:5      | Reached skill level 6 in Long Blades
  4664 | D:5      | HP: 2/60 [necrophage (3)]
  4664 | D:5      | Slain by an orc

Vault maps used:
D:1:      dpeg_arrival_pond, minmay_misc_feat_five, minmay_misc_feat_chi,
          minmay_cupped
D:2:      nrook_loot_triangle, roderic_lattice_a
D:4:      first_bread, serial_shops, nicolae_shop_crystal
D:5:      minmay_temple_entry_junction, gup_sewer_entry_spiral,
          kb_xom_exploding_sheep
Sewer:    sewer_kobold_necro_badplayer

Action                   |  1- 3 |  4- 6 |  7- 9 || total
-------------------------+-------+-------+-------++-------
Melee: Falchion          |   146 |   252 |    57 ||   455
Throw: Throwing net      |       |     4 |       ||     4
Invok: Trog's Hand       |     1 |     1 |       ||     2
       Berserk           |       |       |     1 ||     1
 Abil: Breathe Noxious F |       |       |     3 ||     3
  Use: Scroll            |     4 |     7 |       ||    11
       Potion            |       |     2 |     1 ||     3
 Stab: Sleeping          |     2 |     3 |       ||     5
  Eat: Bread ration      |     1 |       |       ||     1
       Beef jerky        |       |     1 |       ||     1
       Meat ration       |       |     1 |       ||     1
       Royal jelly       |       |     1 |       ||     1
       Fruit             |       |     1 |       ||     1
